 Dungeon Crawl Stone Soup version 0.30-a0-953-g5f1da4a474 (webtiles) character file.

Game seed: 337175708487763232

896 sanka the Cleaver (level 8, 0/67 HPs)
             Began as a Hill Orc Fighter on Mar 28, 2023.
             Slain by Dowan
             ... wielding a +2 dagger of electrocution
              (3 damage)
             ... on level 6 of the Dungeon.
             The game lasted 00:06:22 (4824 turns).

sanka the Cleaver (Hill Orc Fighter)                Turns: 4824, Time: 00:06:23

Health: 0/67       AC: 14    Str: 21    XL:     8   Next: 7%
Magic:  8/8        EV:  9    Int:  8    God:
Gold:   58         SH:  5    Dex: 16    Spells: 7/7 levels left

rFire   + . .      SeeInvis .    a - +0 war axe
rCold   . . .      Faith    .    c - +0 buckler
rNeg    . . .      Spirit   .    B - +3 scale mail {rF+}
rPois   .          Reflect  .    b - +0 helmet
rElec   .          Rampage  .    (no cloak)
rCorr   .                        (no gloves)
Will    .....                    D - +2 pair of boots {Stlth+}
Stlth   +                        x - amulet of the acrobat
HPRegen 0.31/turn                (no ring)
MPRegen 0.11/turn                o - +6 ring of dexterity

@: no status effects
A: no striking features
a: no special abilities


You were on level 6 of the Dungeon.
You visited 1 branch of the dungeon, and saw 6 of its levels.

You collected 283 gold pieces.
You spent 225 gold pieces at shops.


   Skills:
 + Level 4.6 Fighting
 * Level 11.0 Axes
 + Level 4.2 Armour
 - Level 3.2 Shields


You had 7 spell levels left.
You didn't know any spells.
Your spell library contained the following spells:

 Spells                   Type           Power      Damage    Failure   Level
 Kiss of Death            Conj/Necr      0%         2d5       83%         1
 Sublimation of Blood     Necr           0%         N/A       93%         2
 Confusing Touch          Hex            0%         N/A       99%         3
 Hailstorm                Conj/Ice       0%         3d3       99%         3
 Dispel Undead            Necr           0%         3d6       100%        4
 Ice Form                 Ice/Tmut       0%         N/A       100%        4
 Petrify                  Tmut/Erth      0%         N/A       100%        4
 Irradiate                Conj/Tmut      0%         3d11      100%        5
 Simulacrum               Ice/Necr       0%         N/A       100%        6

Inventory:

Hand Weapons
 a - a +0 war axe (weapon)
 y - a +2 flail of distortion
Missiles
 t - a throwing net {=f}
Armour
 b - a +0 helmet (worn)
 c - a +0 buckler (worn)
 B - a +3 scale mail of fire resistance (worn)
 D - a +2 pair of boots of stealth (worn)
Magical Staves
 g - a staff of fire
Jewellery
 o - a +6 ring of dexterity (right hand)
 x - an amulet of the acrobat (around neck)
Wands
 A - a wand of iceblast (9)
Scrolls
 e - 2 scrolls of teleportation {unknown}
 i - a scroll of summoning {unknown}
 j - a scroll of fog {unknown}
 m - 4 scrolls of amnesia {unknown}
 r - a scroll of noise {unknown}
 u - 5 scrolls of identify {unknown}
 v - 2 scrolls of blinking {unknown}
 w - 2 scrolls of immolation {unknown}
 z - 2 scrolls of enchant armour {unknown}
 C - 4 scrolls of acquirement {unknown}
Potions
 d - a potion of might
 f - 4 potions of curing {unknown}
 h - a potion of mutation {unknown}
 k - a potion of magic {unknown}
 l - 3 potions of heal wounds {unknown}
 n - a potion of attraction {unknown}
 p - a potion of cancellation {unknown}
 q - 2 potions of flight {unknown}
 s - a potion of resistance {unknown}

Dungeon Overview and Level Annotations

Branches:
Dungeon (6/15)
 Temple: D:4-7

Altars:
Dithmenos
Elyvilon
Vehumet

Shops:
D:2 [*   D:3 =

Annotations:
D:6 Dowan

........▒ ▒▒▒.▒.▒
..▒▒▒▒..▒ ▒...▒.▒
▒..▒ ▒.▒.▒.▒ ▒.e▒
▒.▒.▒.▒ ▒▒..▒
▒.▒...▒ ▒▒▒..▒▒
▒.▒▒▒▒▒
▒..▒▒▒....▒▒▒▒▒.▒
........▒.e.....▒
▒▒▒......▒.▒▒▒o▒▒▒▒▒
........▒.▒ ▒.▒
.▒▒▒.▒....▒▒.▒ ▒.▒
.....▒▒...▒▒.▒ ▒.▒
▒▒▒.......▒▒.▒ ▒.▒
......▒▒▒▒▒▒.▒ ▒.▒
......▒.▒▒▒▒.▒ ▒.▒
▒▒..▒.▒......▒ ▒.▒
...<▒†▒.▒▒▒▒▒▒


You could see Dowan (fast, strong).


Message History

Your transformation is almost over.
Dowan drinks a potion.
Dowan seems to grow stronger.
Dowan gestures wildly while chanting.
Dowan blinks!
You start resting.
Dowan is nearby!
You hit Dowan but do no damage. You block Dowan's attack.
Dowan hits you with a +2 dagger of electrocution!
You slash Dowan!
Dowan is severely wounded.
Dowan hits you with a +2 dagger of electrocution.
Dowan hits you but does no damage.
You are electrocuted!
You hit Dowan.
Dowan is almost dead.
Dowan hits you but does no damage.
You are electrocuted!!
* * * LOW HITPOINT WARNING * * *
You barely miss Dowan.
Dowan is almost dead.
You feel less wooden.
You feel stealthy.
You feel resistant to fire. Dowan hits you but does no damage.
You are electrocuted!!
* * * LOW HITPOINT WARNING * * *
Dowan hits you with a +2 dagger of electrocution.
You die...

Action                     |  1- 3 |  4- 6 |  7- 9 || total
---------------------------+-------+-------+-------++-------
  Melee: War axe           |    65 |   164 |    67 ||   296
 Armour: Scale mail        |    34 |       |    10 ||    44
         Chain mail        |    28 |    72 |     4 ||   104
         Skin              |       |       |     9 ||     9
  Dodge: Dodged            |    35 |    50 |    22 ||   107
  Block: Buckler           |    23 |    45 |     9 ||    77

Levels and vault maps discovered:
D:1:      minmay_arrival_arboretum_large, layout_rooms, minmay_tromino_i2
D:2:      layout_loops_ring, serial_shops, shop, nicolae_shop_statue_plus,
          uniq_terence, uniq_robin
D:3:      cheibrodos_fertilizer, layout_basic, mainiacjoe_overflow_paths,
          serial_shops, nicolae_shop_behind_doors
D:4:      layout_gridville, nicolae_dithmenos_through_a_glass_darkly,
          nicolae_elyvilon_temple_path, hangedman_decor_riveting
D:5:      layout_gridville, nrook_pool_corridor, nicolae_goblin_pals
D:6:      layout_basic, lemuel_tele_altar, serial_shops, shop,
          gammafunk_ghost_nasty_kobolds, uniq_edmund, uniq_duvessa

Notes
Turn   | Place    | Note
-------+----------+-------------------------------------------
     0 | D:1      | sanka the Hill Orc Fighter began the quest for the Orb.
     0 | D:1      | Reached XP level 1. HP: 19/19 MP: 1/1
    20 | D:1      | Reached skill level 3 in Axes
    30 | D:1      | Reached XP level 2. HP: 25/26 MP: 2/2
   101 | D:1      | Reached skill level 4 in Axes
   210 | D:1      | Reached XP level 3. HP: 28/31 MP: 3/3
   476 | D:2      | Noticed Robin
   483 | D:2      | Reached skill level 5 in Axes
   486 | D:2      | Killed Robin
   498 | D:2      | Reached XP level 4. HP: 34/39 MP: 4/4
   531 | D:2      | Noticed Terence
   540 | D:2      | Killed Terence
   541 | D:2      | Reached skill level 6 in Axes
   596 | D:2      | Found Hyic's Assorted Antiques.
   796 | D:2      | Found Alucyf's Antique Armour Emporium.
  1448 | D:3      | Reached XP level 5. HP: 45/45 MP: 5/5
  1570 | D:3      | Found Olemiene's Jewellery Shop.
  1606 | D:3      | Found a radiant altar of Vehumet.
  1614 | D:3      | Reached skill level 7 in Axes
  2406 | D:4      | Reached skill level 8 in Axes
  2438 | D:4      | Reached XP level 6. HP: 51/51 MP: 6/6
  2743 | D:4      | Noticed a black bear
  2751 | D:4      | Killed a black bear
  2752 | D:4      | Reached skill level 9 in Axes
  3113 | D:4      | Found a white marble altar of Elyvilon.
  3163 | D:4      | Reached XP level 7. HP: 32/57 MP: 7/7
  3166 | D:4      | HP: 2/57 [orc priest/divine providence (13)]
  3377 | D:4      | Found a shadowy altar of Dithmenos.
  3498 | D:5      | Entered Level 5 of the Dungeon
  3500 | D:5      | Noticed Ijyb
  3512 | D:5      | Killed Ijyb
  3514 | D:5      | Reached skill level 10 in Axes
  3906 | D:5      | Reached skill level 4 in Fighting
  4614 | D:2      | Bought a pair of glowing boots for 225 gold pieces
  4774 | D:6      | Noticed Duvessa
  4774 | D:6      | Noticed Dowan
  4808 | D:6      | Killed Duvessa
  4809 | D:6      | Reached skill level 4 in Armour
  4816 | D:6      | Reached skill level 11 in Axes
  4816 | D:6      | Reached XP level 8. HP: 67/67 MP: 8/8
  4824 | D:6      | HP: 3/67 [Dowan/+2 dagger of electrocution (20)]
  4824 | D:6      | Slain by Dowan

Vanquished Creatures
  Duvessa (D:6)
  A black bear (D:4)
  A phantom (D:6)
  A scorpion (D:5)
  3 jellies
  3 orc priests
  2 hounds (D:4)
  2 iguanas
  A sleepcap (D:5)
  Ijyb (D:5)
  Terence (D:2)
  An orc wizard (D:4)
  Robin (D:2)
  2 adders
  2 worms (D:2)
  3 dart slugs
  17 orcs
  4 ball pythons
  9 endoplasms
  6 giant cockroaches
  20 goblins
  11 hobgoblins
  6 quokkas
  10 bats
  2 frilled lizards
  13 kobolds
  4 rats
128 creatures vanquished.

Vanquished Creatures (others)
  A fungus (D:3)
  3 plants (D:4)
  10 toadstools (D:3)
14 creatures vanquished.

Grand Total: 142 creatures vanquished
